 Dungeon Crawl Stone Soup version 0.22.0-16-gc6d26f6 (webtiles) character file.

145 Gearfox the Slasher (level 5, -2/28 HPs)
             Began as a Vine Stalker Fighter on Aug 17, 2018.
             Was a Follower of Zin.
             Succumbed to a water moccasin's poison
             ... on level 3 of the Dungeon.
             The game lasted 00:15:10 (2570 turns).

Gearfox the Slasher (Vine Stalker Fighter)          Turns: 2570, Time: 00:15:10

Health: -2/28      AC:  9    Str: 20    XL:     5   Next: 27%
Magic:  1/6        EV:  5    Int:  8    God:    Zin [*.....]
Gold:   61         SH:  9    Dex: 13    Spells: 4/4 levels left

rFire    . . .     SeeInvis .   m - +0 falchion
rCold    . . .     Gourm    .   c - +0 shield
rNeg     . . .     Faith    .   k - +0 chain mail
rPois    .         Spirit   +   (no helmet)
rElec    .         Reflect  .   (no cloak)
rCorr    .         Harm     .   (no gloves)
MR       .....                  (no boots)
Stlth    ..........             (no amulet)
HPRegen  0.49/turn              (no ring)
MPRegen  0.10/turn              (no ring)

@: lethally poisoned (-2 -> -22)
A: fangs 2, regeneration 1, magic shield, antimagic bite, no potion heal 3, rot
immunity
a: Recite, Donate Gold, Renounce Religion


You were on level 3 of the Dungeon.
You worshipped Zin.
Zin was aware of your devotion.
You were not hungry.

You visited 1 branch of the dungeon, and saw 3 of its levels.

You collected 67 gold pieces.
You donated 6 gold pieces to Zin.

Inventory:

Hand Weapons
 a - a +0 long sword
 m - a +0 falchion (weapon)
Armour
 b - a +0 scale mail
 c - a +0 shield (worn)
 k - a +0 chain mail (worn)
Scrolls
 h - 2 scrolls of remove curse
 l - a scroll of teleportation
Potions
 d - a potion of might
 e - 2 potions of brilliance
 g - a potion of lignification {unknown}
 i - 2 potions of degeneration {unknown}
 j - 3 potions of curing {unknown}
 o - a potion of heal wounds {unknown}
Comestibles
 f - 3 rations
 n - a chunk of flesh


   Skills:
 * Level 3.1 Fighting
 * Level 3.4 Long Blades
 * Level 3.0 Armour
 + Level 0.5 Dodging
 + Level 0.2 Stealth
 + Level 3.2 Shields


You had 4 spell levels left.
You didn't know any spells.
Your spell library was empty.

Dungeon Overview and Level Annotations

Branches:
Dungeon (3/15)

Altars:
Zin


Innate Abilities, Weirdness & Mutations

You have extremely sharp teeth.
Your natural rate of healing is unusually fast.
When hurt, damage is shared between your health and your magic reserves.
Your bite disrupts and absorbs the magic of your enemies.
Potions cannot restore your health.
You are immune to rotting.


Message History

The water moccasin is almost dead.
You feel sick. The water moccasin bites you.
* * * LOW HITPOINT WARNING * * *
You are lethally poisoned!
The water moccasin poisons you!
The water moccasin completely misses you.
You miss the water moccasin. Your bite misses the water moccasin.
The water moccasin is almost dead.
* * * LOW HITPOINT WARNING * * *
You feel sick.
You block the water moccasin's attack. x2
You miss the water moccasin. You bite the water moccasin. You drain its power.
You feel invigorated.
The water moccasin is almost dead.
* * * LOW HITPOINT WARNING * * *
You feel very sick. The water moccasin bites you!
* * * LOW HITPOINT WARNING * * *
You are more poisoned.
The water moccasin poisons you!
You die...

#......#
#......#
#......#
#......#
#......#
#......#
#......#
####'###
#@# #S#
#S# #.#
..# ###


You could see a water moccasin and an adder.

Vanquished Creatures
  Jessica (D:2)
  Robin (D:2)
  3 adders
  A worm (D:2)
  3 dart slugs
  3 ball pythons
  8 bats
  4 giant cockroaches
  13 goblins
  11 hobgoblins
  6 jackals
  7 kobolds
  A quokka (D:2)
  5 frilled lizards
67 creatures vanquished.

Notes
Turn   | Place    | Note
-------+----------+-------------------------------------------
     0 | D:1      | Gearfox the Vine Stalker Fighter began the quest for the Orb.
     0 | D:1      | Reached XP level 1. HP: 11/11 MP: 2/2
   379 | D:1      | Reached XP level 2. HP: 16/16 MP: 3/3
   877 | D:1      | Reached XP level 3. HP: 14/19 MP: 4/4
  1330 | D:2      | Found a faded altar of an unknown god.
  1537 | D:2      | Gained mutation: Your natural rate of healing is unusually fast. [Vine Stalker growth]
  1537 | D:2      | Reached XP level 4. HP: 24/24 MP: 5/5
  1559 | D:2      | Noticed Robin
  1571 | D:2      | Killed Robin
  1939 | D:2      | Noticed Jessica
  1943 | D:2      | Killed Jessica
  1943 | D:2      | Reached XP level 5. HP: 28/28 MP: 6/6
  2008 | D:2      | Became a worshipper of Zin the Law-Giver
  2008 | D:2      | Reached * piety under Zin
  2548 | D:3      | Noticed a water moccasin
  2569 | D:3      | HP: 1/28 [water moccasin (2)]
  2570 | D:3      | Succumbed to a water moccasin's poison

Skill      XL: |  1  2  3  4 |
---------------+-------------+-----
Shields        | 3 |  3.2
Long Blades    | 2 3 |  3.4
Armour         | 3 |  3.0
Fighting       | 3 |  3.1
Dodging        | |  0.5
Stealth        | |  0.2

Action                   |  1- 3 |  4- 6 || total
-------------------------+-------+-------++-------
Melee: Long sword        |   119 |    65 ||   184
       Bite              |    36 |    27 ||    63
       Falchion          |       |    39 ||    39
Invok: Donate Gold       |       |     1 ||     1
  Use: Scroll            |     4 |     1 ||     5
  Eat: Ration            |     1 |     1 ||     2
       Chunk             |       |     1 ||     1
Armor: Scale mail        |    73 |    20 ||    93
       Chain mail        |       |    52 ||    52
Dodge: Dodged            |    43 |    42 ||    85
Block: Shield            |    78 |    71 ||   149
       Rpst.: Long sword |    11 |     8 ||    19
       Falchion          |       |     3 ||     3
